 Dungeon Crawl Stone Soup version 0.27-a0-1281-ge233d83751 (webtiles) character file.

Game seed: 4405827425065427655

29039 Azzok the Severer (level 13, -5/129 HPs)
             Began as a Demonspawn Berserker on June 13, 2021.
             Was a High Priest of Trog.
             Slain by an orc warrior (8 damage)
             ... in a bailey.
             The game lasted 00:19:12 (12547 turns).

Azzok the Severer (Demonspawn Berserker)           Turns: 12547, Time: 00:19:13

Health: -5/129     AC: 25    Str: 25    XL:     13   Next: 13%
Magic:  0/13       EV:  7    Int: 13    God:    Trog [*****.]
Gold:   618        SH:  9    Dex: 18    Spells: 12/12 levels left

rFire    . . .     SeeInvis +   r - +3 hand axe (flame)
rCold    . . .     Faith    .   A - +0 buckler
rNeg     . . .     Spirit   +   D - +0 plate armour
rPois    +         Reflect  .   c - +1 helmet
rElec    .         Harm     .   n - +2 cloak {rPois}
rCorr    .         Rampage  .   y - +0 pair of gloves of Azahacwum {Str+4 Int+4}
Will     .....                  (boots unavailable)
Stlth    ..........             q - amulet of guardian spirit
HPRegen  0.31/turn              L - ring "Ufabb" {Wiz Slay+2}
MPRegen  0.13/turn              j - ring of see invisible

@: berserking, very quick
A: talons 3, thin skeletal structure 2, icemail 2, condensation shield
a: Renounce Religion, Berserk, Trog's Hand, Brothers in Arms


You were in a bailey.
You worshipped Trog.
Trog was extremely pleased with you.
You visited 1 branch of the dungeon, and saw 13 of its levels.
You also visited: Bailey and Gauntlet.

You collected 1013 gold pieces.
You spent 395 gold pieces at shops.

Inventory:

Hand Weapons
 r - a +3 hand axe of flaming (weapon)
 M - a +0 war axe
 V - a +2 antimagic executioner's axe
Missiles
 d - 3 throwing nets
 C - 8 atropa-tipped darts
 H - 4 curare-tipped darts
Armour
 c - a +1 helmet (worn)
 n - a +2 cloak of poison resistance (worn)
 s - +0 swamp dragon scales
 y - the +0 pair of gloves of Azahacwum (worn) {Str+4 Int+4}
   (You bought it in a shop on level 6 of the Dungeon)

   It affects your strength (+4).
   It affects your intelligence (+4).
 A - a +0 buckler (worn)
 D - a +0 plate armour (worn)
Jewellery
 j - a ring of see invisible (right hand)
 q - an amulet of guardian spirit (around neck)
 E - an amulet of reflection
 I - a ring of flight
 L - the ring "Ufabb" (left hand) {Wiz Slay+2}
   (You found it in a Gauntlet)

   [ring of wizardry]

   It improves your spell success rate.
   It affects your accuracy and damage with ranged weapons and melee attacks
   (+2).
 O - an amulet of regeneration
 T - an amulet of the acrobat
Wands
 a - a wand of flame (90)
 v - a wand of iceblast (10)
 w - a wand of acid (31)
 K - a wand of paralysis (9)
 Q - a wand of polymorph (6)
Scrolls
 b - 5 scrolls of enchant weapon
 g - 2 scrolls of enchant armour {unknown}
 h - 2 scrolls of vulnerability {unknown}
 k - 6 scrolls of fear
 m - a scroll of summoning {unknown}
 o - a scroll of immolation {unknown}
 t - a scroll of amnesia {unknown}
 z - 4 scrolls of teleportation
 J - a scroll of brand weapon {unknown}
 P - a scroll of silence {unknown}
 S - a scroll of magic mapping {unknown}
 U - 2 scrolls of fog {unknown}
Potions
 e - 4 potions of heal wounds
 f - 2 potions of brilliance
 i - 2 potions of invisibility
 l - 3 potions of flight
 p - 5 potions of lignification
 u - 2 potions of resistance
 x - 2 potions of ambrosia
 B - 2 potions of might
 F - 8 potions of curing
 G - a potion of attraction
 N - a potion of cancellation
 R - 4 potions of magic
 W - 4 potions of haste {unknown}
 X - 2 potions of berserk rage {unknown}


   Skills:
 - Level 3.0 Fighting
 + Level 18.7 Axes
 - Level 1.7 Armour
 - Level 1.7 Dodging
 - Level 4.0 Shields


You had 12 spell levels left.
You didn't know any spells.
Your spell library was empty.

Dungeon Overview and Level Annotations

Branches:
Dungeon (13/15)            Temple (0/1) D:4            Lair (0/6) D:9
    Orc (0/2) D:10         Bailey (1/1)             Gauntlet (visited)
 Vaults: D:13-14

Altars:
Cheibriados
Dithmenos
Elyvilon
Fedhas
Gozag
Kikubaaqudgha
Makhleb
Nemelex Xobeh
Qazlal
Ru
Trog
Uskayaw
Vehumet
Wu Jian
Yredelemnul

Shops:
D:6 ![[?   D:9 (*

Annotations:
D:8 2 transporters, nago's ghost, novice VSAE
D:10 3 runed translucent doors, Ge0ff's ghost, novice DDFi; emiel's ghost, journeyman VSFE
D:13 Erolcha


Innate Abilities, Weirdness & Mutations

You have claws for feet.
You have a moderately thin skeletal structure. (Dex +4, Stealth++)
A meltable icy envelope protects you from harm. (AC +8)
A meltable shield of frost defends you. (SH +4)


Message History

The orc hits you from afar with a +0 halberd.
You closely miss the orc warrior. You claw the orc warrior.
The orc warrior is moderately wounded.
You closely miss the orc knight. You slash the orc warrior!
You burn the orc warrior.
You kill the orc warrior!
Trog accepts your kill.
You miss the orc warrior. You slash the orc warrior! You burn the orc warrior.
Your kick misses the orc warrior.
The orc warrior is almost dead.
You barely miss the orc warrior. You hit the orc knight.
You burn the orc knight.
The orc warrior hits you with a +0 glaive!!
* * * LOW HITPOINT WARNING * * *
The orc knight hits you with a +0 halberd!
* * * LOW MAGIC WARNING * * *;
* * * LOW HITPOINT WARNING * * *
The orc hits you but does no damage.
You slash the orc warrior! You burn the orc warrior.
You feel the power of Trog in you as your rage grows.
You kill the orc warrior!
Trog accepts your kill.
You slash the orc knight! You burn the orc knight.
You closely miss the orc warrior.
The orc warrior hits you from afar with a +0 spear.
* * * LOW HITPOINT WARNING * * *
The orc hits you from afar with a +0 halberd!
* * * LOW MAGIC WARNING * * *;
* * * LOW HITPOINT WARNING * * *
You hit the orc knight. You burn the orc knight.
The orc knight is heavily wounded.
You hit the orc warrior. You burn the orc warrior.
You barely miss the orc knight. You claw the orc knight!
The orc knight is heavily wounded.
You closely miss the orc warrior. You block the orc warrior's attack.
The orc hits you from afar with a +0 halberd.
* * * LOW HITPOINT WARNING * * *
The orc knight hits you with a +0 halberd.
* * * LOW MAGIC WARNING * * *;
* * * LOW HITPOINT WARNING * * *
The orc warrior hits you from afar with a +0 spear!
You die...

▒·····▒
▒·····▒
▒·····▒
▒·····▒
▒▒'''▒▒
▒▒·····▒▒
▒····)··▒
▒··))oo·▒
▒·o·@)o·▒
▒···o)··▒
▒·······▒
▒▒·····▒▒
▒╬╬╬╬╬▒


You could see an orc knight, 2 orc warriors and 2 orcs.

Vanquished Creatures
  A minotaur (Gauntlet)
  Josephine (D:11)
  Harold (D:7)
  2 hydras
  3 boulder beetles
  A catoblepas (D:13)
  2 centaur warriors (D:13)
  2 two-headed ogres
  A tengu warrior (D:13)
  Pikel (D:5)
  A deep elf pyromancer (D:12)
  2 cyclopes
  An ugly thing (D:7)
  2 manticores
  Maurice (D:11)
  2 centaur zombies
  6 gargoyles
  Maggie (D:9)
  An unseen horror (D:11)
  8 trolls
  An ice devil (Gauntlet)
  A meliai (shapeshifter) (Gauntlet)
  A polar bear (shapeshifter) (Gauntlet)
  A queen bee (Gauntlet)
  9 slime creatures
  Grinder (D:3)
  A dream sheep (shapeshifter) (Gauntlet)
  Sigmund (D:3)
  A shadow (D:10)
  4 wraiths (D:11)
  2 wyverns
  A basilisk (D:11)
  A hog (shapeshifter) (Gauntlet)
  18 yaks
  3 vampire mosquitoes (D:12)
  3 acid dragons
  2 water moccasins
  2 black bears (D:6)
  11 orc warriors
  2 sky beasts
  An ice beast (D:5)
  An ogre (D:5)
  5 centaurs
  A phantom (D:6)
  2 lemures (D:5)
  A kobold brigand (D:9)
  2 bullfrogs (D:8)
  A gnoll sergeant (D:7)
  2 scorpions
  A water moccasin zombie (D:6)
  5 killer bees (Gauntlet)
  2 howler monkeys
  3 wights (D:6)
  2 hounds
  A bullfrog zombie (D:5)
  Crazy Yiuf (D:3)
  A centaur skeleton (D:5)
  7 orc priests
  A jelly (D:5)
  2 gnoll shamans
  Natasha (twice) (D:2)
  Terence (D:3)
  5 iguanas
  5 orc wizards
  2 scorpion zombies (D:3)
  A killer bee zombie (D:6)
  3 hound zombies (D:3)
  A hound skeleton (D:3)
  5 howler monkey zombies
  16 gnolls
  10 river rats (D:5)
  2 adders (D:2)
  3 white imps
  An ufetubus (D:7)
  2 adder skeletons (D:3)
  A dart slug (D:4)
  44 orcs
  7 endoplasms
  5 giant cockroaches
  6 goblins
  3 hobgoblins
  10 jackals
  6 quokkas (D:5)
  3 ball pythons
  A ball python skeleton (D:3)
  3 ball python zombies (D:3)
  6 bats
  5 frilled lizards
  A jackal zombie (D:3)
  8 kobolds
  17 rats
333 creatures vanquished.

Notes
Turn   | Place    | Note
-------+----------+-------------------------------------------
     0 | D:1      | Azzok the Demonspawn Berserker began the quest for the Orb.
     0 | D:1      | Reached XP level 1. HP: 18/18 MP: 1/1
    37 | D:1      | Reached skill level 3 in Axes
   312 | D:1      | Found a faded altar of an unknown god.
   337 | D:1      | Gained mutation: You have sharp toenails. [demonic
                  | ancestry]
   337 | D:1      | Reached XP level 2. HP: 24/24 MP: 2/2
   892 | D:2      | Reached ** piety under Trog
  1092 | D:2      | Reached skill level 4 in Axes
  1092 | D:2      | Reached XP level 3. HP: 29/29 MP: 3/3
  1222 | D:2      | Noticed Natasha
  1235 | D:2      | Killed Natasha
  1236 | D:2      | Gained mutation: You have razor-sharp toenails. [demonic
                  | ancestry]
  1236 | D:2      | Reached XP level 4. HP: 35/35 MP: 4/4
  1592 | D:3      | Noticed Sigmund
  1707 | D:2      | Noticed Natasha
  1715 | D:2      | Killed Natasha
  1716 | D:2      | Reached skill level 5 in Axes
  1971 | D:3      | Killed Sigmund
  1972 | D:3      | Reached skill level 6 in Axes
  1972 | D:3      | Gained mutation: A meltable shield of frost defends you.
                  | (SH +4) [demonic ancestry]
  1972 | D:3      | Reached XP level 5. HP: 41/41 MP: 5/5
  1972 | D:3      | Reached XP level 6. HP: 47/47 MP: 6/6
  2261 | D:3      | Found a runed translucent door.
  2262 | D:3      | Noticed Crazy Yiuf
  2268 | D:3      | Killed Crazy Yiuf
  2327 | D:3      | Found a stormy altar of Qazlal.
  2335 | D:3      | Noticed Terence
  2379 | D:3      | Killed Terence
  2589 | D:3      | Reached *** piety under Trog
  2595 | D:3      | Reached skill level 7 in Axes
  2620 | D:3      | Noticed Grinder
  2626 | D:3      | Paralysed by Grinder for 3 turns
  2633 | D:3      | Paralysed by Grinder for 7 turns
  2645 | D:3      | Paralysed by Grinder for 3 turns
  2668 | D:3      | Killed Grinder
  2669 | D:3      | Reached XP level 7. HP: 36/52 MP: 7/7
  2824 | D:4      | Reached skill level 8 in Axes
  3236 | D:4      | Found a staircase to the Ecumenical Temple.
  3361 | D:4      | Found a sacrificial altar of Ru.
  3363 | D:4      | Found a radiant altar of Vehumet.
  3364 | D:4      | Found a basalt altar of Yredelemnul.
  3365 | D:4      | Found an ancient bone altar of Kikubaaqudgha.
  3365 | D:4      | Found a hide-covered altar of Uskayaw.
  3365 | D:4      | Found a sparkling altar of Nemelex Xobeh.
  3365 | D:4      | Found an opulent altar of Gozag.
  3365 | D:4      | Found a burning altar of Makhleb.
  3370 | D:4      | Found a snail-covered altar of Cheibriados.
  3372 | D:4      | Found a blossoming altar of Fedhas.
  3444 | D:5      | Entered Level 5 of the Dungeon
  3495 | D:5      | Reached skill level 9 in Axes
  3495 | D:5      | Gained mutation: A meltable icy envelope protects you from
                  | harm. (AC +8) [demonic ancestry]
  3495 | D:5      | Reached XP level 8. HP: 41/58 MP: 5/8
  3884 | D:5      | Reached **** piety under Trog
  4016 | D:5      | Noticed Pikel
  4020 | D:5      | Reached skill level 10 in Axes
  4034 | D:5      | Killed Pikel
  4209 | D:5      | Found an ornate altar of the Wu Jian Council.
  4209 | D:5      | Found a bloodstained altar of Trog.
  4272 | D:5      | Reached skill level 11 in Axes
  4272 | D:5      | Gained mutation: You have a somewhat thin skeletal
                  | structure. (Dex +2, Stealth+) [demonic ancestry]
  4272 | D:5      | Reached XP level 9. HP: 63/63 MP: 9/9
  4435 | D:6      | Found Poanont's Magic Scroll Shop.
  4476 | D:6      | Bought a scroll of identify for 30 gold pieces
  4742 | D:6      | Found Pasur's Armour Shoppe.
  4747 | D:6      | Found Wusez's Distillery.
  4855 | D:6      | Bought the +0 pair of gloves of Azahacwum {Str+4 Int+4} for
                  | 283 gold pieces
  4867 | D:6      | Bought 2 potions of degeneration for 22 gold pieces
  5009 | D:6      | Found Rigizupn's Armour Boutique.
  5036 | D:6      | Reached skill level 12 in Axes
  5640 | D:6      | Bought a scroll of noise for 15 gold pieces
  5640 | D:6      | Bought a scroll of teleportation for 45 gold pieces
  5664 | D:7      | Noticed Harold
  5721 | D:7      | Killed Harold
  5945 | D:7      | Reached skill level 13 in Axes
  5990 | D:7      | Noticed a red ugly thing
  5998 | D:7      | Killed a red ugly thing
  5999 | D:7      | Reached skill level 1 in Shields
  5999 | D:7      | Gained mutation: A meltable icy envelope protects you from
                  | harm. (AC +8) [demonic ancestry]
  5999 | D:7      | Reached XP level 10. HP: 70/70 MP: 7/10
  6077 | D:7      | Noticed a boulder beetle
  6088 | D:7      | Killed a boulder beetle
  6162 | D:7      | Noticed a manticore
  6170 | D:7      | Killed a manticore
  6910 | D:8      | Found a transporter.
  7052 | D:8      | Noticed nago's ghost (novice VSAE)
  7054 | D:8      | Found a transporter.
  7209 | D:9      | Noticed Maggie
  7224 | D:9      | Killed Maggie
  7224 | D:9      | Reached ***** piety under Trog
  7225 | D:9      | Reached skill level 14 in Axes
  7275 | D:9      | Found a staircase to the Lair.
  7392 | D:9      | Found Faaviro's General Store.
  7497 | D:9      | Found Nyen's Antique Weapon Boutique.
  7677 | D:10     | Entered Level 10 of the Dungeon
  7766 | D:10     | Gained mutation: You have a moderately thin skeletal
                  | structure. (Dex +4, Stealth++) [demonic ancestry]
  7766 | D:10     | Reached XP level 11. HP: 75/75 MP: 8/11
  7767 | D:10     | Found a runed translucent gate.
  7768 | D:10     | Received a gift from Trog
  7902 | D:10     | Found a staircase to the Orcish Mines.
  8021 | D:10     | Reached skill level 15 in Axes
  8311 | D:10     | Identified the +5 plate armour "Ukhif" {*Corrode Fly Int+6}
  8866 | D:10     | Found a runed translucent gate.
  8867 | D:10     | Found a runed translucent gate.
  8869 | D:10     | Noticed Ge0ff's ghost (novice DDFi)
  8869 | D:10     | Noticed emiel's ghost (journeyman VSFE)
  8879 | D:10     | Found a shadowy altar of Dithmenos.
  8919 | D:10     | Noticed a two-headed ogre
  8924 | D:10     | Killed a two-headed ogre
  9434 | D:11     | Reached skill level 16 in Axes
  9607 | D:11     | Noticed Maurice
  9650 | D:11     | Killed Maurice
  9741 | D:11     | Noticed Josephine
  9754 | D:11     | Killed Josephine
 10054 | D:11     | Reached XP level 12. HP: 79/81 MP: 12/12
 10232 | D:12     | Noticed an eight-headed hydra
 10242 | D:12     | Killed a five-headed hydra
 10243 | D:12     | Reached skill level 17 in Axes
 10290 | D:12     | Found a gate leading to a gauntlet.
 10303 | Gauntlet | Entered a Gauntlet
 10303 | Gauntlet | Found a transporter.
 10303 | Gauntlet | Found a runed translucent gate.
 10303 | Gauntlet | Found a transporter.
 10303 | Gauntlet | Noticed a death scarab
 10305 | Gauntlet | Found a runed translucent gate.
 10307 | Gauntlet | Found a runed translucent gate.
 10315 | Gauntlet | Found a transporter.
 10333 | Gauntlet | Found a transporter.
 10333 | Gauntlet | Found a transporter.
 10335 | Gauntlet | Found a transporter.
 10336 | Gauntlet | Found a transporter.
 10348 | Gauntlet | Found a transporter.
 10364 | Gauntlet | Found a transporter.
 10364 | Gauntlet | Noticed a quicksilver ooze
 10374 | Gauntlet | Found a transporter.
 10383 | Gauntlet | Noticed a shadow dragon
 10388 | Gauntlet | Found a transporter.
 10398 | Gauntlet | Noticed a frost giant
 10398 | Gauntlet | a shadow dragon changed into a frost giant
 10402 | Gauntlet | a frost giant changed into an iron troll
 10403 | Gauntlet | Noticed a frost giant
 10403 | Gauntlet | an iron troll changed into a frost giant
 10408 | Gauntlet | Found a transporter.
 10408 | Gauntlet | Found a transporter.
 10420 | Gauntlet | Found a transporter.
 10493 | Gauntlet | Identified the ring "Ufabb" {Wiz Slay+2}
 10750 | Gauntlet | Noticed a spark wasp
 10804 | Gauntlet | Noticed a minotaur
 10820 | Gauntlet | Killed a minotaur
 11070 | Gauntlet | Identified the +5 mace "Zovul" {venom, rPois Str+3 Dex+3
                  | SInv}
 11070 | Gauntlet | Identified Sif Muna's Handbook of Flying Clay
 11070 | Gauntlet | Identified the +6 scythe of Zoureadu {vorpal, +Blink Will+
                  | Dex+4}
 11452 | D:12     | Noticed a boulder beetle
 11462 | D:12     | Killed a boulder beetle
 11939 | D:13     | Noticed a centaur warrior
 11953 | D:13     | Killed a centaur warrior
 11954 | D:13     | Reached skill level 18 in Axes
 11956 | D:13     | Noticed a centaur warrior
 11966 | D:13     | Killed a centaur warrior
 12015 | D:13     | Noticed a catoblepas
 12015 | D:13     | Noticed Erolcha
 12070 | D:13     | Noticed a boulder beetle
 12090 | D:13     | Killed a boulder beetle
 12130 | D:13     | Noticed a two-headed ogre
 12148 | D:13     | Killed a catoblepas
 12155 | D:13     | Killed a two-headed ogre
 12156 | D:13     | Gained mutation: You have claws for feet. [demonic
                  | ancestry]
 12156 | D:13     | Reached XP level 13. HP: 71/86 MP: 10/13
 12215 | D:13     | Found a flagged portal.
 12217 | D:13     | Received a gift from Trog
 12224 | Bailey   | Entered a bailey
 12547 | Bailey   | HP: 4/129 [orc (5)]
 12547 | Bailey   | Slain by an orc warrior

Illustrated notes

Levels and vault maps discovered:
D:1:      minmay_arrival_pointy, layout_basic, basic_ecumenical_altar
D:2:      layout_rooms, uniq_natasha
D:3:      layout_basic, amcnicky_altar_gilded, serial_undead, serial_undead_c,
          serial_undead_a, serial_undead_f, serial_undead_a, serial_undead_a,
          serial_undead_d, uniq_grinder, uniq_sigmund, uniq_terence,
          uniq_crazy_yiuf_cottage
D:4:      layout_cave_pools, minitemple, minmay_temple_entry_grid
D:5:      lemuel_ratsnest, layout_loops_ring, amethyst_overflow_temple_binary,
          minmay_strange_pillars, uniq_pikel
D:6:      layout_cave_pods, serial_shops, nicolae_shop_stone,
          nicolae_shop_crystal, shop,
          nicolae_shop_temple_entry_statues_fountains, chequers_garden
D:7:      layout_cave_pools, kb_rosetta, uniq_harold
D:8:      layout_rooms, gammafunk_ghost_mausoleum
D:9:      layout_rooms, dpeg_oklobed_lair, serial_shops,
          nicolae_shop_behind_doors, kennysheep_mini_moat, uniq_maggie
D:10:     cheibrodos_statue_roulette, layout_rooms, grunt_dithmenos_smoke,
          orc_0_dummy, gammafunk_ghost_cemetery, serial_corexii_hall,
          chequers_hall_statues_y, corexii_hall_statues_l,
          corexii_hall_statues_i, corexii_hall_statues_u
D:11:     layout_small_grid, uniq_maurice, uniq_josephine
D:12:     layout_cave_pools, gauntlet_entry_generic
D:13:     minmay_curly_fans, layout_loops_ring, david_vaults_5, enter_bailey_3,
          uniq_erolcha
Bailey:   bailey_polearm_5, bailey

Skill      XL: |  1  2  3  4  5  6  7  8  9 10 11 12 |
---------------+-------------------------------------+-----
Axes           | 3 4 6 7 9 11 13 14 16 18 | 18.7
Shields        | 1 4 |  4.0
Fighting       | |  3.0
Armour         | |  1.7
Dodging        | |  1.7

Action                   |  1- 3 |  4- 6 |  7- 9 | 10-12 | 13-15 || total
-------------------------+-------+-------+-------+-------+-------++-------
Melee: Hand axe          |    77 |   108 |   227 |   545 |    34 ||   991
       Kick              |     7 |    25 |    80 |   284 |    13 ||   409
       Unarmed           |       |       |       |     4 |       ||     4
Invok: Berserk           |     2 |     5 |     8 |    15 |     3 ||    33
       Trog's Hand       |       |     1 |       |     1 |       ||     2
  Use: Scroll            |       |       |     6 |     7 |       ||    13
       Potion            |       |       |       |     3 |       ||     3
 Stab: Petrified         |       |       |       |     4 |       ||     4
       Invisible         |       |       |       |     2 |       ||     2
Armor: Animal skin       |     4 |       |       |       |       ||     4
       Scale mail        |    28 |    42 |       |       |       ||    70
       Chain mail        |       |     7 |   116 |    11 |       ||   134
       Plate armour      |       |       |       |   242 |    45 ||   287
Dodge: Dodged            |    54 |    48 |    87 |    99 |    32 ||   320
Block: Other             |       |    11 |    32 |     5 |       ||    48
       Buckler           |       |       |       |   170 |    37 ||   207

Table legend: (Time is in decaauts)
 A = Elapsed time spent in this place.
 B = Non-inter-level travel time spent in this place.
 C = Inter-level travel time spent in this place.
 D = Time resting spent in this place.
 E = Time spent auto-exploring this place.
 F = Levels seen in this place.
 G = Mean time per level.
                   A        B        C        D        E       F      G
               +--------+--------+--------+--------+--------+-----+--------+
         Total |  12581 |  12363 |    218 |   1909 |   8273 |  15 |  838.7 |
       Dungeon |  11497 |  11279 |    218 |   1401 |   7918 |  13 |  884.4 |
        Bailey |    325 |    325 |      0 |     36 |    221 |   1 |  325.0 |
      Gauntlet |    758 |    758 |      0 |    471 |    134 |   1 |  758.0 |
               +--------+--------+--------+--------+--------+-----+--------+

Top non-repeatable levels by time:
     D:6: 1453 daAuts
    D:10: 1431 daAuts
     D:2: 1180 daAuts
     D:5: 989 daAuts
    D:11: 970 daAuts
     D:7: 970 daAuts
     D:3: 904 daAuts
    D:12: 850 daAuts
     D:1: 804 daAuts
Gauntlet: 758 daAuts
     D:4: 645 daAuts
     D:9: 479 daAuts
    D:13: 442 daAuts
     D:8: 374 daAuts
  Bailey: 325 daAuts
